 Dungeon Crawl Stone Soup version 0.21-a0-472-g223bcb9 (webtiles) character file.

142 slep the Skirmisher (level 5, -3/43 HPs)
             Began as a Barachi Monk on Nov 22, 2017.
             Killed by divine providence
             ... invoked by an orc priest
              (11 damage)
             ... on level 3 of the Dungeon.
             The game lasted 00:09:08 (1643 turns).

slep the Skirmisher (Barachi Monk)                  Turns: 1643, Time: 00:09:09

Health: -3/43      AC:  7    Str: 12    XL:     5   Next: 25%
Magic:  5/5        EV:  9    Int: 10    God:
Gold:   107        SH: 11    Dex: 16    Spells: 4/4 levels left

rFire    . . .     SeeInvis .   p - +2 whip (venom)
rCold    . . .     Gourm    .   l - +0 large shield
rNeg     . . .     Faith    .   o - +3 leather armour
rPois    .         Spirit   .   t - +0 helmet
rElec    .         Reflect  .   (no cloak)
rCorr    .         Harm     .   q - +0 pair of gloves
MR       .....                  e - +0 pair of boots
Stlth    ++........             (no amulet)
HPRegen  0.14/turn              m - -2 ring of protection (curse)
MPRegen  0.09/turn              (no ring)

@: slow
A: +LOS, swims, slowness 1, strong legs 1
a: Hop


You were on level 3 of the Dungeon.
You were hungry.

You visited 1 branch of the dungeon, and saw 3 of its levels.

You collected 107 gold pieces.

Inventory:

Hand Weapons
 a - a +0 falchion
 p - a +2 whip of venom (weapon)
Armour
 b - a +0 robe
 e - a +0 pair of boots (worn)
 f - a +0 ring mail
 l - a +0 large shield (worn)
 o - a +3 leather armour (worn)
 q - a +0 pair of gloves (worn)
 t - a +0 helmet (worn)
Jewellery
 m - a cursed -2 ring of protection (left hand)
Wands
 v - a wand of iceblast (10)
Scrolls
 i - a scroll of identify
 k - 3 scrolls of teleportation {unknown}
 n - a scroll of immolation {unknown}
 s - a scroll of amnesia {unknown}
 w - a scroll of remove curse {unknown}
Potions
 d - a potion of degeneration {unknown}
 g - a potion of curing {unknown}
 h - a potion of agility {unknown}
 j - 2 potions of heal wounds
 r - a potion of might {unknown}
 u - a potion of flight {unknown}
Comestibles
 c - 3 bread rations


   Skills:
 + Level 4.5 Fighting
 + Level 4.3 Long Blades
 + Level 1.4 Maces & Flails
 + Level 2.4 Armour
 + Level 3.7 Dodging
 + Level 1.8 Stealth
 + Level 1.8 Shields


You had 4 spell levels left.
You didn't know any spells.

Dungeon Overview and Level Annotations

Branches:
Dungeon (3/15)

Altars:
Cheibriados


Innate Abilities, Weirdness & Mutations

Shadows flee at your approach. (+LOS)
You can swim through water.
You cover ground slowly.
You can hop short distances.


Message History

Something hits the plant.
You hear a splashing noise.
Something hits the plant but does no damage.
Something hits the plant.
Something hits the plant but does no damage. x2
Something hits the plant.
You feel sick.
You are no longer poisoned.
You hear a splashing noise.
You hear a splashing noise. x4
Something hits the plant but does no damage.
Something hits the plant but does no damage.
Something hits the plant!
Something hits the plant.
You hear a splashing noise.
Something hits the plant but does no damage. x2
You hear a splashing noise.
Something hits the plant but does no damage.
The orc priest calls down the wrath of Beogh upon you.
Beogh smites you!
You die...

########## ########### #
#........# ######.........# #
#........# #....#.........#
####........# #....#..<......#
..#.........####..............#
..........PP.≈P.....#.........#
.........P.P≈P≈P....#.........#
.......†.PP≈≈≈P.P...#.........#
.......[.P≈≈≈≈≈P@...#.........#
.......#P.≈♣♣♣♣P.####.#########
.....#.#.≈≈≈♣≈≈≈.P........##
.....#..P≈♣♣P♣♣≈≈P.........##
.....#.≈P♣PPPP≈≈♣P≈.........#
.....#PP♣≈PP.PP♣≈P≈.........#
####.#PP≈≈P.PPP≈≈P..........#
###...P≈≈PP.##P)♣≈P.........#
......P♣≈≈..##og≈PP.........#


You could see an orc priest.

Vanquished Creatures
  A worker ant (D:2)
  Robin (D:3)
  3 adders
  An ooze (D:2)
  2 worms (D:2)
  2 leopard geckos
  An orc (D:3)
  4 giant cockroaches
  18 goblins
  14 hobgoblins
  2 jackals (D:2)
  3 bats
  A frilled lizard (D:2)
  3 kobolds
  4 rats
60 creatures vanquished.

Vanquished Creatures (others)
  4 toadstools (D:1)
4 creatures vanquished.

Grand Total: 64 creatures vanquished

Notes
Turn   | Place    | Note
-------+----------+-------------------------------------------
     0 | D:1      | slep the Barachi Monk began the quest for the Orb.
     0 | D:1      | Reached XP level 1. HP: 18/18 MP: 1/1
   135 | D:1      | Reached XP level 2. HP: 24/25 MP: 2/2
   594 | D:2      | Reached skill level 1 in Armour
   677 | D:2      | Reached XP level 3. HP: 9/30 MP: 3/3
   818 | D:2      | Reached XP level 4. HP: 29/38 MP: 4/4
  1257 | D:3      | Found a snail-covered altar of Cheibriados.
  1264 | D:3      | Noticed Robin
  1269 | D:3      | Noticed a black bear
  1302 | D:3      | Reached skill level 1 in Shields
  1312 | D:3      | Killed Robin
  1312 | D:3      | Reached skill level 1 in Maces & Flails
  1312 | D:3      | Reached XP level 5. HP: 13/43 MP: 5/5
  1643 | D:3      | Killed from afar by an orc priest

Vault maps used:
D:1:      ldierk_walled_garden_2
D:2:      cheibrodos_greedy_goblins
D:3:      cheibriados_altar_1, serial_bayou_lagoon_a, uniq_robin

Skill      XL: |  1  2  3  4 |
---------------+-------------+-----
Fighting       | 4 |  4.5
Armour         | 1 2 |  2.4
Long Blades    | 4 |  4.3
Shields        | 1 |  1.8
Maces & Flails | 1 |  1.4
Dodging        | |  3.7
Stealth        | |  1.8

Action                   |  1- 3 |  4- 6 || total
-------------------------+-------+-------++-------
Melee: Falchion          |    82 |       ||    82
       Whip              |     9 |   122 ||   131
  Use: Scroll            |       |     1 ||     1
 Stab: Sleeping          |       |     1 ||     1
  Eat: Chunk             |       |     3 ||     3
Armor: Ring mail         |    21 |       ||    21
       Leather armour    |    11 |    47 ||    58
Dodge: Dodged            |    43 |    46 ||    89
Block: Large shield      |    23 |    98 ||   121
       Rpst.: Falchion   |    17 |       ||    17

Table legend:
 A = Spawn XP
 B = Non-spawn XP
 C = Spawn XP percentage of total XP
 D = Spawn monster count
 E = Non-spawn monster count
 F = Spawn count percentage of total count
 G = Total turns spent on level
                    A         B        C        D         E        F      G
               +---------+---------+-------+---------+---------+-------+---------
         Total |       0 |     204 |   0.0 |       0 |      60 |   0.0 |  1643
               +---------+---------+-------+---------+---------+-------+---------
           D:1 |       0 |      17 |   0.0 |       0 |      11 |   0.0 |   586
           D:2 |       0 |     111 |   0.0 |       0 |      29 |   0.0 |   658
           D:3 |       0 |      76 |   0.0 |       0 |      20 |   0.0 |   399
               +---------+---------+-------+---------+---------+-------+---------
